 Dungeon Crawl Stone Soup version 0.27.1-34-g3ba077fa99 (webtiles) character file.

Game seed: 10203188942723232474

123 Gabide the Poker (level 5, -8/41 HPs)
             Began as a Human Monk on Jan 7, 2022.
             Mangled by an orc warrior (19 damage)
             ... on level 3 of the Dungeon.
             The game lasted 00:05:15 (4703 turns).

Gabide the Poker (Human Monk)                       Turns: 4703, Time: 00:05:16

Health: -8/41      AC:  4    Str: 11    XL:     5   Next: 29%
Magic:  5/5        EV: 13    Int:  9    God:
Gold:   165        SH:  0    Dex: 16    Spells: 4/4 levels left

rFire    . . .     SeeInvis +   a - +0 spear
rCold    . . .     Faith    .   (no shield)
rNeg     . . .     Spirit   .   b - +0 robe
rPois    .         Reflect  .   (helmet restricted)
rElec    .         Harm     .   f - +1 cloak
rCorr    .         Rampage  .   (no gloves)
Will     .....                  (no boots)
Stlth    ++........             (no amulet)
HPRegen  0.13/turn              l - ring of see invisible
MPRegen  0.09/turn              (no ring)

@: brilliant
A: horns 1, talons 1, dopey 1
a: no special abilities


You were on level 3 of the Dungeon.
You visited 1 branch of the dungeon, and saw 4 of its levels.

You collected 165 gold pieces.

Inventory:

Hand Weapons
 a - a +0 spear (weapon)
Armour
 b - a +0 robe (worn)
 f - a +1 cloak (worn)
Jewellery
 l - a ring of see invisible (left hand)
Wands
 j - a wand of flame (21)
Scrolls
 g - a scroll of fog
Potions
 c - a potion of flight


   Skills:
 * Level 3.6 Fighting
 * Level 4.5 Polearms
 * Level 3.6 Dodging
 + Level 2.3 Stealth


You had 4 spell levels left.
You didn't know any spells.
Your spell library contained the following spells:

 Spells                   Type           Power      Damage    Failure   Level
 Shock                    Conj/Air       0%         1d3       38%         1
 Stone Arrow              Conj/Erth      0%         3d7       77%         3
 Swiftness                Air            0%         N/A       77%         3
 Airstrike                Air            0%         N/A       99%         4
 Bolt of Magma            Conj/Fire/Erth 0%         4d4       100%        5
 Shatter                  Erth           0%         3d5*      100%        9


Dungeon Overview and Level Annotations

Branches:
Dungeon (4/15)
 Temple: D:4-7

Altars:
Hepliaklqana
Kikubaaqudgha
Qazlal


Innate Abilities, Weirdness & Mutations

You have a pair of small horns on your head.
You have sharp toenails.
You are dopey. (Int -2)


Message History

You hit the orc warrior.
The orc warrior is moderately wounded.
The orc warrior barely misses you.
You hit the orc warrior but do no damage.
The orc warrior is moderately wounded.
The orc warrior barely misses you.
You hit the orc warrior.
The orc warrior is moderately wounded.
The orc warrior hits you with a +0 battleaxe!
* * * LOW HITPOINT WARNING * * *
You are too injured to fight recklessly!
Things that are here:
a +0 flail; a +0 club
Things that are here:
a +0 dagger; a goblin corpse
There is a stone staircase leading up here.
The orc warrior barely misses you.
You climb upwards.
There is a stone staircase leading down here.
Okay, then.
It was a potion of curing.
You feel better. The orc warrior completely misses you.
It was a potion of mutation.
You feel extremely strange.
You feel stupid.
Your toenails lengthen and sharpen.
A pair of horns grows on your head!
The orc warrior hits you with a +0 battleaxe!
* * * LOW HITPOINT WARNING * * *
It was a potion of brilliance.
You feel clever all of a sudden. The orc warrior closely misses you.
You closely miss the orc warrior. You claw the orc warrior.
The orc warrior is moderately wounded.
You closely miss the orc warrior. Your kick misses the orc warrior.
The orc warrior is moderately wounded.
The orc warrior barely misses you.
You hit the orc warrior but do no damage.
You claw the orc warrior.
The orc warrior is moderately wounded.
The orc warrior hits you with a +0 battleaxe!!
You die...

#.........# #.....
#.........# #.....
#.........######.....
#.........##.........
#.........##.###.....
##.....#####.#....#..
#...................
###.###...#.#.##.#.#
#@........#.##.#.#
#o###.....#....#.#
#.# #........###.#
#.###........'....
#...'........###.#
#####........# #..
##......## #..
#......####..
#....#.#.....


You could see an orc warrior.

Vanquished Creatures
  4 gnolls (D:4)
  An adder (D:2)
  A worm (D:3)
  An orc (D:3)
  7 bats
  8 endoplasms
  4 giant cockroaches
  6 goblins
  9 hobgoblins
  4 jackals (D:1)
  3 kobolds
  2 quokkas (D:1)
  4 ball pythons
  3 frilled lizards
  10 rats
67 creatures vanquished.

Notes
Turn   | Place    | Note
-------+----------+-------------------------------------------
     0 | D:1      | Gabide the Human Monk began the quest for the Orb.
     0 | D:1      | Reached XP level 1. HP: 18/18 MP: 1/1
   100 | D:1      | Reached XP level 2. HP: 21/24 MP: 2/2
   452 | D:1      | Reached XP level 3. HP: 8/29 MP: 3/3
   696 | D:1      | Found a faded altar of an unknown god.
  1407 | D:2      | Found an ancient bone altar of Kikubaaqudgha.
  1584 | D:2      | Reached XP level 4. HP: 7/35 MP: 4/4
  1956 | D:2      | Reached skill level 4 in Polearms
  2650 | D:3      | Found a stormy altar of Qazlal.
  2979 | D:3      | Found a hazy altar of Hepliaklqana.
  3486 | D:4      | Reached XP level 5. HP: 18/41 MP: 5/5
  3981 | D:4      | Noticed an orc warrior
  4699 | D:3      | Gained mutation: You are dopey. (Int -2) [potion of
                  | mutation]
  4699 | D:3      | Gained mutation: You have sharp toenails. [potion of
                  | mutation]
  4699 | D:3      | Gained mutation: You have a pair of small horns on your
                  | head. [potion of mutation]
  4703 | D:3      | Mangled by an orc warrior

Illustrated notes

Levels and vault maps discovered:
D:1:      dpeg_arrival_stone_temple_mockup, layout_rooms,
          shapermc_ecumenical_altar_hornbeckon
D:2:      layout_loops_ring, basic_altar, corexii_corridor_pit,
          minmay_misc_feat_cross, minmay_statues_item
D:3:      layout_basic, old_standard_altar, nicolae_overflow_hidden_temple
D:4:      layout_basic, temple_hall, uniq_ijyb, uniq_crazy_yiuf_cottage

Skill      XL: |  1  2  3  4 |
---------------+-------------+-----
Polearms       | 4 |  4.5
Fighting       | |  3.6
Dodging        | |  3.6
Stealth        | |  2.3

Action                   |  1- 3 |  4- 6 || total
-------------------------+-------+-------++-------
Melee: Spear             |   162 |   165 ||   327
       Kick              |       |     2 ||     2
  Use: Scroll            |     1 |     9 ||    10
       Potion            |       |     3 ||     3
 Stab: Sleeping          |     4 |     5 ||     9
       Distracted        |       |     1 ||     1
Armor: Robe              |    21 |    19 ||    40
Dodge: Dodged            |    88 |    77 ||   165
